Map: 机械城 - 天梯版

Players

MaNa

  • Race: Protoss Protoss
  • League: Grandmaster

Serral - Winner!

  • Race: Zerg Zerg

Event: WESG 2018 Grand Finals

VOD

Have the link to the VOD?

Description

Time

  • Played on: March 13, 2019, 2:20 a.m.
  • Length: 17:26

All games in this series

Show
View Real Time Build Order
Export as new Build Order

MaNa Protoss 

Build Orders: 1 Gate Expand, Oracle Opening 

Get SALT Encoding   

  12  0:00  Probe  
  13  0:12  Probe  
  14  0:18  Pylon  
  14  0:24  Probe  
  15  0:32  Probe  
  15  0:34  Assimilator  
  15  0:40  Probe  
  16  0:48  Gateway  
  17  0:50  Probe  
  18  0:58  Probe  
  19  1:06  Probe  
  20  1:26  Nexus  
  20  1:36  Cybernetics Core  
  20  1:39  Probe  
  21  1:45  Assimilator  
  21  1:51  Probe  
  22  1:56  Pylon  
  22  2:03  Probe  
  22  2:04  Adept  
  25  2:15  Probe  
  26  2:22  Stargate  
  26  2:27  Warp Gate  
  26  2:28  Probe  
  27  2:35  Stalker  
  29  2:38  Probe  
  29  2:41  Probe  
  31  2:50  Probe  
  32  2:53  Probe  
  32  2:56  Oracle  
  33  3:02  Probe  
  35  3:05  Probe  
  38  3:14  Probe  
  38  3:17  Probe  
  40  3:22  Gateway  
  40  3:23  Pylon  
  40  3:26  Probe  
  41  3:29  Probe  
  41  3:33  Oracle  
  45  3:38  Gateway  
  45  3:40  Probe  
  46  3:42  Probe  
  46  3:46  Assimilator  
  47  3:49  Assimilator  
  47  3:52  Probe  
  47  3:54  Probe  
  49  3:57  Pylon  
  49  4:04  Probe  
  49  4:05  Probe  
  51  4:10  Oracle  
  51  4:12  Probe  
  51  4:13  Probe  
  55  4:18  Adept  
  55  4:20  Adept, Probe  
  55  4:21  Probe  
  55  4:23  Pylon  
  62  4:32  Robotics Facility  
  62  4:41  Probe x2  
  64  4:48  Nexus  
  64  4:53  Pylon  
  64  5:01  Adept x2  
  64  5:02  Adept  
  70  5:08  Pylon  
  70  5:11  Probe x2  
  70  5:12  Observer  
  70  5:13  Forge  
  73  5:21  Shield Battery  
  73  5:24  Sentry, Adept  
  73  5:26  Adept  
  73  5:27  Probe  
  73  5:28  Probe  
  81  5:32  Pylon  
  81  5:39  Probe  
  81  5:40  Immortal  
  82  5:43  Protoss Ground Weapons Level 1  
  82  5:44  Probe  
  83  5:54  Probe  
  83  5:56  Probe  
  89  5:57  Pylon  
  89  6:06  Probe  
  89  6:09  Probe x2, Robotics Bay  
  92  6:12  Phoenix  
  92  6:15  Probe  
  92  6:16  Sentry x2  
  92  6:17  Probe  
  96  6:19  Probe  
  96  6:21  Immortal  
  96  6:23  Probe  
  96  6:25  Probe  
  105  6:33  Assimilator x2  
  105  6:35  Pylon  
  105  6:36  Probe x2  
  107  6:44  Twilight Council, Forge  
  107  6:51  Colossus  
  107  6:52  Pylon  
  107  6:53  Pylon  
  107  6:54  Blink  
  107  6:59  Protoss Ground Armor Level 1  
  113  7:06  Gateway  
  113  7:07  Gateway  
  113  7:09  Pylon  
  113  7:21  Extended Thermal Lance  
  113  7:26  Photon Cannon  
  113  7:29  Stalker x3  
  119  7:30  Gateway  
  119  7:36  Gateway  
  119  7:42  Photon Cannon  
  119  7:44  Phoenix  
  121  7:45  Photon Cannon  
  121  7:46  Protoss Ground Weapons Level 2  
  121  7:52  Stalker x2  
  121  7:53  Stalker  
  127  8:07  Stalker x2  
  131  8:19  Stalker x3  
  133  8:21  Colossus  
  133  8:24  Probe  
  133  8:25  Probe x2  
  139  8:32  Phoenix  
  140  8:36  Probe  
  140  8:37  Probe x2  
  143  8:46  Zealot  
  143  8:47  Zealot x2, Protoss Ground Armor Level 2  
  149  8:50  Probe  
  140  8:56  Stalker x4  
  140  9:00  Probe  
  142  9:10  Phoenix  
  144  9:18  Warp Prism  
  144  9:21  Probe  
  144  9:22  Sentry  
  149  9:25  Pylon  
  149  9:26  Pylon  
  149  9:28  Pylon  
  149  9:29  Photon Cannon  
  149  9:33  Photon Cannon  
  149  9:45  Stalker x4  
  155  9:53  Templar Archives  
  155  10:00  Nexus  
  154  10:18  Protoss Ground Weapons Level 3  
  152  10:21  Nexus  
  152  10:28  Pylon  
  152  10:30  High Templar x2  
  152  10:31  High Templar x4  
  152  10:32  Zealot  
  166  10:36  Pylon  
  166  10:37  Archon x3  
  166  10:49  Pylon  
  166  10:51  Pylon  
  164  11:01  Stalker  
  164  11:03  Stalker x4  
  174  11:10  Observer  
  173  11:21  Probe x2  
  173  11:23  Photon Cannon  
  175  11:26  High Templar x3  
  175  11:27  Stalker x3, High Templar  
  175  11:30  Archon  
  175  11:31  Archon  
  167  11:51  Immortal  
  119  12:01  Stalker x7  
  112  12:04  Psionic Storm  
  106  12:14  Robotics Facility  
  106  12:19  Assimilator  
  106  12:25  Assimilator, Charge  
  106  12:26  Zealot x7  
  121  12:30  Probe x2, Immortal  
  126  12:47  Photon Cannon  
  126  12:49  Photon Cannon  
  126  12:52  Photon Cannon  
  126  12:53  High Templar x2  
  126  12:54  High Templar  
  132  12:59  Shield Battery  
  132  13:02  Photon Cannon, Immortal  
  136  13:12  Stalker x3  
  142  13:21  Zealot  
  142  13:22  Immortal  
  144  13:36  Immortal  
  136  13:50  High Templar x3, Immortal  
  126  13:56  Zealot x3  
  133  14:03  High Templar, Immortal  
  135  14:16  Gateway  
  139  14:19  Gateway  
  139  14:20  Immortal  
  139  14:21  Sentry  
  141  14:28  High Templar x2  
  145  14:40  Zealot x2, Immortal  
  145  14:41  Sentry  
  145  14:42  Zealot  
  148  14:48  Probe  
  137  14:53  Stalker x2  
  141  15:03  Immortal  
  145  15:08  High Templar x4  
  145  15:13  Archon x2  
  153  15:21  Observer  
  153  15:27  Archon  
  153  15:34  Stalker x5  
  163  15:40  Observer  
  163  15:42  Observer  
  165  15:44  Zealot x2  
  165  15:45  Zealot x2  
  173  15:50  Photon Cannon  
  171  15:59  Nexus  
  171  16:00  Stalker x4  
  171  16:02  Stalker  
  176  16:10  Zealot x3  
  176  16:11  Zealot  
  162  16:31  Stalker x2  
  162  16:32  Stalker x4  
  168  16:38  High Templar  
  168  16:39  High Templar  
  170  16:44  Stalker  
  136  17:05  Stalker x5  
  126  17:13  Stalker x2  
Show
View Real Time Build Order
Export as new Build Order

Serral Zerg - Winner!

Build Orders: Hatch First, Brood Lord Corruptor, Muta Ling Bane 

Get SALT Encoding   

  12  0:00  Drone  
  13  0:13  Overlord  
  13  0:17  Drone  
  14  0:32  Drone x2  
  16  0:50  Hatchery  
  16  0:53  Drone  
  16  0:56  Drone  
  17  1:00  Drone  
  18  1:10  Extractor  
  17  1:16  Spawning Pool  
  16  1:18  Drone  
  16  1:23  Drone  
  18  1:28  Drone  
  19  1:40  Drone  
  20  1:51  Overlord  
  20  2:02  Queen x2  
  20  2:03  Zergling x4  
  26  2:12  Metabolic Boost  
  26  2:13  Drone  
  27  2:15  Drone  
  27  2:22  Drone  
  29  2:23  Drone  
  30  2:43  Hatchery  
  29  2:44  Overlord  
  29  2:47  Drone  
  29  2:48  Drone  
  31  2:55  Queen  
  33  2:58  Drone  
  33  3:00  Drone  
  33  3:05  Drone  
  36  3:08  Drone x2  
  36  3:11  Drone x2  
  40  3:16  Overlord  
  40  3:18  Drone  
  41  3:23  Drone x2  
  43  3:31  Spore Crawler, Drone x2  
  44  3:35  Queen  
  44  3:38  Spore Crawler  
  44  3:40  Drone  
  46  3:44  Drone x2  
  46  3:46  Drone  
  46  3:48  Drone  
  50  3:49  Drone  
  50  3:54  Drone  
  52  3:56  Queen  
  54  4:03  Overlord  
  54  4:04  Zergling x4  
  54  4:05  Drone  
  54  4:08  Drone  
  58  4:13  Overlord  
  58  4:16  Overlord  
  58  4:18  Overlord  
  58  4:24  Roach Warren  
  58  4:27  Lair  
  58  4:28  Overlord  
  58  4:30  Drone  
  58  4:31  Drone  
  58  4:37  Drone x4  
  63  4:40  Queen  
  63  4:46  Drone x4  
  67  4:54  Extractor x2  
  67  4:55  Overlord, Zergling x4  
  67  4:56  Zergling x2  
  69  5:00  Zergling x8  
  69  5:05  Roach  
  73  5:10  Roach x4  
  73  5:14  Spore Crawler  
  80  5:16  Overlord  
  80  5:19  Overlord  
  80  5:22  Extractor  
  80  5:25  Zergling x2  
  80  5:26  Zergling x6  
  83  5:28  Drone x3  
  83  5:32  Drone x2  
  83  5:33  Glial Reconstitution  
  83  5:34  Overseer  
  87  5:37  Drone x4  
  91  5:43  Drone x2  
  91  5:48  Drone  
  90  5:54  Spire  
  90  5:55  Extractor  
  90  5:56  Drone x6  
  94  6:00  Drone  
  95  6:07  Roach x2  
  95  6:13  Roach  
  95  6:16  Hatchery  
  95  6:20  Drone x2  
  95  6:24  Drone x3, Extractor  
  99  6:27  Evolution Chamber  
  99  6:29  Overlord  
  99  6:30  Drone x2  
  99  6:31  Drone  
  101  6:40  Overlord  
  101  6:42  Drone x3  
  101  6:47  Drone  
  105  6:48  Overlord x2  
  105  6:49  Drone  
  105  6:51  Pneumatized Carapace  
  105  6:52  Drone x2  
  105  6:54  Drone x2  
  110  6:56  Drone x2  
  111  7:04  Overlord, Zerg Missile Weapons Level 1  
  111  7:05  Overlord  
  111  7:10  Overlord  
  111  7:15  Mutalisk x6  
  123  7:17  Mutalisk x2  
  123  7:18  Mutalisk  
  129  7:29  Roach x5  
  139  7:41  Roach x6  
  151  7:49  Overlord x4  
  151  7:53  Roach  
  151  7:54  Roach x2, Zergling x6  
  160  7:59  Overlord  
  160  8:01  Overlord  
  160  8:13  Roach x11  
  178  8:22  Baneling Nest, Ravager x5  
  182  8:29  Roach x5  
  190  8:36  Roach x5  
  200  8:46  Overlord  
  200  8:47  Overlord  
  197  8:52  Overlord  
  197  8:53  Roach  
  197  8:54  Roach x7  
  197  8:55  Roach  
  195  8:56  Roach x4  
  195  8:57  Roach  
  178  9:06  Zerg Missile Weapons Level 2  
  178  9:08  Drone x6, Extractor x2  
  178  9:09  Drone x3  
  185  9:22  Evolution Chamber  
  184  9:24  Hatchery  
  184  9:26  Centrifical Hooks  
  183  9:35  Zergling x28  
  183  9:37  Ravager x3  
  193  9:46  Ravager x4  
  193  9:50  Spore Crawler  
  193  9:52  Zerg Melee Weapons Level 1  
  190  9:55  Corruptor  
  192  10:01  Corruptor  
  192  10:02  Corruptor  
  192  10:06  Extractor  
  195  10:08  Extractor  
  195  10:10  Corruptor  
  194  10:22  Corruptor x2  
  197  10:28  Infestation Pit  
  187  10:38  Corruptor x3  
  187  10:40  Hatchery  
  187  10:42  Zergling x14  
  199  10:46  Baneling x10  
  199  10:54  Baneling x9  
  199  10:59  Zergling x4  
  194  11:13  Zergling x12  
  194  11:17  Baneling x6  
  200  11:20  Hive  
  175  11:48  Zergling x60  
  167  12:01  Zergling x14  
  167  12:02  Zergling x6  
  167  12:03  Zerg Melee Weapons Level 2  
  167  12:16  Drone  
  167  12:20  Ravager x10, Hatchery  
  167  12:21  Roach  
  167  12:22  Roach x5  
  189  12:28  Drone  
  189  12:29  Drone x5  
  195  12:32  Baneling x6  
  195  12:47  Overseer  
  195  12:53  Adrenal Glands  
  195  12:54  Zerg Missile Weapons Level 3  
  195  12:55  Greater Spire  
  195  12:56  Hatchery  
  193  13:28  Baneling x13  
  193  13:30  Zergling x10  
  193  13:31  Zergling x2  
  178  13:50  Zergling x40  
  182  14:07  Baneling x12  
  182  14:12  Drone x3  
  182  14:13  Drone x2  
  182  14:15  Zergling x10  
  192  14:17  Baneling  
  192  14:18  Corruptor x3  
  192  14:21  Baneling x16  
  192  14:22  Corruptor x3  
  199  14:31  Zerg Melee Weapons Level 3  
  188  14:51  Brood Lord x5  
  190  14:54  Brood Lord x2  
  190  14:55  Brood Lord  
  190  14:59  Overseer  
  196  15:01  Brood Lord  
  196  15:03  Spine Crawler  
  196  15:04  Brood Lord  
  196  15:06  Spine Crawler  
  198  15:07  Spore Crawler  
  198  15:08  Spine Crawler x2, Spore Crawler  
  198  15:10  Spine Crawler  
  193  15:15  Corruptor x2  
  193  15:20  Drone x2  
  198  15:21  Drone  
  199  15:43  Extractor  
  199  15:44  Extractor  
  199  15:48  Baneling x10  
  197  15:52  Overseer  
  197  15:53  Corruptor  
  192  16:13  Brood Lord x2  
  192  16:15  Zergling x12  
  186  16:57  Zergling x42  
  186  16:58  Zergling x18  
  185  17:07  Zergling x42  
Tags
 
Add a new tag
Caveats
  • Supply blocks, unpowered buildings, or Contaminate may cause inaccurate times.
  • Supply counts are checked every 10 seconds.